 Dungeon Crawl Stone Soup version 0.21-a0-513-gdcb3f5e (webtiles) character file.

2 libidonplus the Grasshopper (level 1, 0/14 HPs)
             Began as a Halfling Warper on Dec 2, 2017.
             Slain by a bat (1 damage)
             ... on level 1 of the Dungeon.
             The game lasted 00:03:29 (239 turns).

libidonplus the Grasshopper (Halfling Warper)        Turns: 239, Time: 00:03:30

Health: 0/14       AC:  3    Str: 12    XL:     1   Next: 44%
Magic:  3/3        EV: 14    Int: 11    God:
Gold:   17         SH:  0    Dex: 13    Spells: 3/3 levels left

rFire    . . .     SeeInvis .   a - +0 short sword
rCold    . . .     Gourm    .   (shield restricted)
rNeg     . . .     Faith    .   b - +0 leather armour
rPois    .         Spirit   .   (no helmet)
rElec    .         Reflect  .   (no cloak)
rCorr    .         Harm     .   (no gloves)
MR       .....                  (no boots)
Stlth    +.........             (no amulet)
HPRegen  0.04/turn              (no ring)
MPRegen  0.08/turn              (no ring)

@: no status effects
A: small, mutation resistance 1
a: no special abilities


You were on level 1 of the Dungeon.
You were not hungry.

You visited 1 branch of the dungeon, and saw 1 of its levels.

You collected 17 gold pieces.

Inventory:

Hand Weapons
 a - a +0 short sword (weapon)
Missiles
 e - 5 tomahawks of dispersal (quivered)
Armour
 b - a +0 leather armour (worn)
 j - a +0 ring mail
Scrolls
 d - a scroll of blinking
 i - a scroll of identify {unknown}
Potions
 k - 2 potions of curing {unknown}
Books
 c - a book of Spatial Translocations

   Spells                             Type                      Level
   a - Blink                          Translocation                2
   b - Shroud of Golubria             Charms/Translocation         2
   c - Lesser Beckoning               Translocation                3
   d - Gell's Gravitas                Translocation                3
   e - Teleport Other                 Translocation                3
   f - Passage of Golubria            Translocation                4
Comestibles
 f - a bread ration
 g - 3 fruits
 h - a royal jelly


   Skills:
 + Level 1.8 Fighting
 * Level 2.6 Short Blades
 - Level 1.0 Throwing
 - Level 1.1 Armour
 + Level 2.2 Dodging
 - Level 1.5 Spellcasting
   Level 3.2 Translocations


You had 3 spell levels left.
You didn't know any spells.

Dungeon Overview and Level Annotations

Branches:
Dungeon (1/15)

Altars:


Innate Abilities, Weirdness & Mutations

You are small and have problems with some larger weapons.
You are somewhat resistant to further mutation.


Message History

You miss the kobold. The kobold barely misses you.
You barely miss the kobold. The kobold hits you but does no damage.
You hit the kobold.
You kill the kobold!
The bat barely misses you. The bat hits you.
* * * LOW HITPOINT WARNING * * *
You hit the bat.
The bat is heavily wounded.
The bat hits you.
* * * LOW HITPOINT WARNING * * *
The bat barely misses you. The bat barely misses you.
The bat hits you but does no damage. The bat hits you.
* * * LOW HITPOINT WARNING * * *
The bat hits you but does no damage.
You barely miss the bat.
The bat is moderately wounded.
The bat hits you.
You die...

..# #># #.#
##########.##### #
####........g.....# #
###.....#######.###.# #
##.......#######.#
+#............(...# #
#.......b@.###........#
## ##..........#
#..###.###
.######...........#
#..# ..
...#..............#
#..# #
.#....#..........##
#... .###+###.........#
#..#. ## #.........#
#..#. # ##........#
##.......#


You could see a bat.

Vanquished Creatures
  A goblin (D:1)
  A kobold (D:1)
2 creatures vanquished.

Notes
Turn   | Place    | Note
-------+----------+-------------------------------------------
     0 | D:1      | libidonplus the Halfling Warper began the quest for the Orb.
     0 | D:1      | Reached XP level 1. HP: 14/14 MP: 3/3
   239 | D:1      | Slain by a bat

Vault maps used:
D:1:      dpeg_cavernosity, moated_statue, due_unseen_surprise

Action                   || total
-------------------------++-------
Melee: Short sword       ||    16
Armor: Leather armour    ||     5
Dodge: Dodged            ||    15

Table legend:
 A = Spawn XP
 B = Non-spawn XP
 C = Spawn XP percentage of total XP
 D = Spawn monster count
 E = Non-spawn monster count
 F = Spawn count percentage of total count
 G = Total turns spent on level
                    A         B        C        D         E        F      G
               +---------+---------+-------+---------+---------+-------+---------
         Total |       0 |       4 |   0.0 |       0 |       2 |   0.0 |   239
               +---------+---------+-------+---------+---------+-------+---------
           D:1 |       0 |       4 |   0.0 |       0 |       2 |   0.0 |   239
               +---------+---------+-------+---------+---------+-------+---------
